 Dungeon Crawl Stone Soup version 0.31-a0-360-gb3e1d13bf4 (webtiles) character file.

Game seed: 4052169841510533666

1281 randomguy2701 the Cleaver (level 8, -3/70 HPs)
             Began as a Minotaur Fighter on July 26, 2023.
             Was a Follower of Makhleb.
             Killed by divine providence
             ... invoked by a daeva
             ... created by the Shining One
              (14 damage)
             ... on level 6 of the Dungeon.
             The game lasted 00:07:57 (4550 turns).

randomguy2701 the Cleaver (Minotaur Fighter)        Turns: 4550, Time: 00:07:57

Health: -3/70      AC:  9    Str: 34    XL:     8   Next: 29%
Magic:  7/7        EV: 11    Int:  5    God:    Makhleb [*.....]
Gold:   301        SH:  5    Dex: 11    Spells: 7/7 levels left

rFire   . . .        a - +0 war axe
rCold   . . .        c - +0 buckler
rNeg    . . .        b - +0 scale mail
rPois   .            (helmet restricted)
rElec   .            (no cloak)
rCorr   .            t - +0 pair of gloves
SInv    .            (no boots)
Will    .....        (no amulet) Stlth
                     g - +6 ring of strength
HPRegen 0.31/turn    w - +6 ring of strength
MPRegen 0.10/turn

%: no passive effects
@: glowing
A: horns 2, retaliatory headbutt
a: Renounce Religion


You were on level 6 of the Dungeon.
You worshipped Makhleb.
Makhleb was aware of your devotion.
You visited 2 branches of the dungeon, and saw 7 of its levels.

You collected 301 gold pieces.

Inventory:

Hand Weapons
 a - a +0 war axe (weapon)
Armour
 b - a +0 scale mail (worn)
 c - a +0 buckler (worn)
 t - a +0 pair of gloves (worn)
Jewellery
 e - a +6 ring of intelligence
 g - a +6 ring of strength (left hand)
 v - an amulet of guardian spirit
 w - a +6 ring of strength (right hand)
 x - a +6 ring of strength
Wands
 r - a wand of polymorph (23)
 y - a wand of charming (4)
Scrolls
 i - 2 scrolls of fear {unknown}
 j - a scroll of fog {unknown}
 k - 2 scrolls of enchant weapon {unknown}
 l - 6 scrolls of identify {unknown}
 m - 2 scrolls of immolation {unknown}
 n - a scroll of enchant armour {unknown}
 o - 5 scrolls of teleportation {unknown}
 p - a scroll of butterflies {unknown}
Potions
 d - 2 potions of might
 f - a potion of haste {unknown}
 h - 2 potions of curing {unknown}
 q - a potion of heal wounds {unknown}
 s - a potion of magic {unknown}
 u - a potion of attraction {unknown}
 z - a potion of invisibility {unknown}


   Skills:
 + Level 6.1 Fighting
 + Level 8.1 Axes
 + Level 6.7 Armour
 + Level 2.7 Dodging
 + Level 1.1 Stealth
 + Level 5.1 Shields


You had 7 spell levels left.
You didn't know any spells.
Your spell library contained the following spells:

 Spells                   Type           Power      Damage    Failure   Level
 Apportation              Tloc           0%         N/A       73%         1
 Summon Ice Beast         Ice/Summ       0%         N/A       100%        4
 Alistair's Intoxication  Tmut/Pois      0%         N/A       100%        5
 Summon Mana Viper        Hex/Summ       0%         N/A       100%        5
 Monstrous Menagerie      Summ           0%         N/A       100%        7


Dungeon Overview and Level Annotations

Branches:
Dungeon (6/15)             Temple (1/1) D:4

Altars:
Cheibriados
Dithmenos
Elyvilon
Fedhas
Gozag
Kikubaaqudgha
Makhleb
Nemelex Xobeh
Okawaru
Qazlal
Ru
Sif Muna
Trog
Vehumet
Wu Jian
Yredelemnul
Zin
The Shining One

Shops:
D:1 *   D:2 *

Annotations:
Temple 2 transporters


Innate Abilities, Weirdness & Mutations

You have a pair of horns on your head.
You reflexively headbutt those who attack you in melee.


Message History

A daeva comes into view.
It is wielding a +2 long sword of holy wrath.
A daeva is nearby!
A daeva is nearby!
A daeva is nearby!
You closely miss the daeva. You headbutt the daeva.
The daeva is lightly wounded.
The daeva blocks your attack.
The daeva is lightly wounded.
The daeva completely misses you. You furiously retaliate!
You headbutt the daeva! You block the daeva's attack.
The daeva blocks your attack.
The daeva is lightly wounded.
The daeva calls down the wrath of the Shining One upon you.
The Shining One smites you! The daeva blocks your attack.
The daeva is lightly wounded.
The daeva hits you with a +2 long sword of holy wrath!
The daeva hits you but does no damage.
You closely miss the daeva.
The daeva is lightly wounded.
The daeva calls down the wrath of the Shining One upon you.
The Shining One smites you!
You are too injured to fight recklessly!
You slash the daeva!
The daeva is moderately wounded.
The daeva calls down the wrath of the Shining One upon you.
The Shining One smites you!
You slash the daeva!
The daeva is moderately wounded.
The daeva closely misses you. The daeva barely misses you.
The daeva blocks your attack.
The daeva is moderately wounded.
The daeva calls down the wrath of the Shining One upon you.
The Shining One smites you!
* * * LOW HITPOINT WARNING * * *
The daeva blocks your attack. x2
The daeva is moderately wounded.
The daeva calls down the wrath of the Shining One upon you.
The Shining One smites you!
You die...

## ..# ### #.# ##_## #.#######
##...## #.#....#) ##.....##
##...##.#.
#######...8...########
#....##.#.
_..................._#
#.........
#......8...8...@..###
#.)#.#...#
#............A###.###..#.#..>.
###....⌠....### #.(....#.#.#.#
#.|...........#######.##.#.#.#
#......8...8......# #....#.#.#
_..........(........_
#.####.#.#
#######...8...##########.#
#.#.# ##.....##..........# ..#
##)))###.##########


You could see a daeva.

Vanquished Creatures
  Sigmund (D:3)
  A shadow (D:5)
  An ice beast (D:6)
  A centaur (D:6)
  An ogre (D:4)
  A gnoll sergeant (D:6)
  A scorpion (D:5)
  A jelly (D:4)
  2 hounds
  2 sleepcaps (D:5)
  Natasha (thrice) (D:3)
  3 orc wizards
  Robin (D:4)
  6 gnolls
  8 adders
  2 ufetubi
  A worm (D:3)
  2 dart slugs
  14 orcs
  8 endoplasms
  10 giant cockroaches
  23 goblins
  7 hobgoblins
  A jackal (D:2)
  5 kobolds
  5 quokkas
  13 ball pythons
  5 bats
  2 frilled lizards
  8 rats
139 creatures vanquished.

Notes
Turn   | Place    | Note
-------+----------+-------------------------------------------
     0 | D:1      | randomguy2701 the Minotaur Fighter began the quest for the
                  | Orb.
     0 | D:1      | Reached XP level 1. HP: 19/19 MP: 0/0
   120 | D:1      | Reached XP level 2. HP: 18/27 MP: 1/1
   274 | D:1      | Found Juopoot's General Store.
   634 | D:2      | Found a faded altar of an unknown god.
   642 | D:2      | Reached skill level 3 in Axes
   642 | D:2      | Reached XP level 3. HP: 32/33 MP: 2/2
   644 | D:2      | Prayed at the altar of an unknown god.
   644 | D:2      | Became a worshipper of the Shining One
   644 | D:2      | Reached * piety under the Shining One
   844 | D:2      | Fell from the grace of the Shining One
   967 | D:2      | Found Mesmest's Assorted Antiques.
  1063 | D:2      | Reached XP level 4. HP: 33/41 MP: 3/3
  1422 | D:3      | Reached skill level 4 in Axes
  1590 | D:3      | Reached XP level 5. HP: 42/47 MP: 4/4
  1590 | D:3      | Noticed Natasha
  1593 | D:3      | Killed Natasha
  1594 | D:3      | Reached skill level 1 in Dodging
  1624 | D:3      | Found a shadowy altar of Dithmenos.
  1627 | D:3      | Noticed Natasha
  1629 | D:3      | Noticed Sigmund
  1635 | D:3      | Killed Natasha
  1636 | D:3      | Killed Sigmund
  1637 | D:3      | Reached skill level 5 in Fighting
  1637 | D:3      | Reached skill level 5 in Axes
  1637 | D:3      | Reached skill level 5 in Armour
  1637 | D:3      | Reached XP level 6. HP: 48/56 MP: 5/5
  1743 | D:3      | Found an iron altar of Okawaru.
  1884 | D:3      | Noticed Natasha
  1891 | D:3      | Killed Natasha
  2050 | D:4      | Found a staircase to the Ecumenical Temple.
  2241 | D:4      | Reached skill level 6 in Axes
  2241 | D:4      | Reached XP level 7. HP: 41/61 MP: 6/6
  2337 | D:4      | Found a burning altar of Makhleb.
  2370 | D:4      | Found a shimmering blue altar of Sif Muna.
  2378 | D:4      | Noticed Robin
  2391 | D:4      | Killed Robin
  3128 | Temple   | Found a transporter.
  3128 | Temple   | Found a transporter.
  3128 | Temple   | Found a transporter.
  3128 | Temple   | Found a transporter.
  3128 | Temple   | Entered the Ecumenical Temple
  3177 | D:4      | Became a worshipper of Makhleb the Destroyer
  3201 | D:5      | Entered Level 5 of the Dungeon
  3390 | D:5      | Reached skill level 1 in Stealth
  3790 | D:5      | Found an ornate altar of the Wu Jian Council.
  3970 | D:5      | Noticed a shadow
  3987 | D:5      | Killed a shadow
  3988 | D:5      | Reached skill level 7 in Axes
  3988 | D:5      | Reached skill level 5 in Shields
  4278 | D:6      | Reached XP level 8. HP: 50/70 MP: 7/7
  4393 | D:6      | Reached * piety under Makhleb
  4394 | D:6      | Reached skill level 8 in Axes
  4526 | D:6      | Found a snail-covered altar of Cheibriados.
  4526 | D:6      | Found a basalt altar of Yredelemnul.
  4529 | D:6      | Found an opulent altar of Gozag.
  4536 | D:6      | Found a stormy altar of Qazlal.
  4536 | D:6      | Found a white marble altar of Elyvilon.
  4542 | D:6      | Noticed a daeva
  4550 | D:6      | Killed from afar by a daeva

Illustrated notes

Levels and vault maps discovered:
D:1:      dpeg_arrival_pond, layout_basic, serial_shops, shop
D:2:      layout_basic, serial_shops, nicolae_shop_back_alley_shop,
          basic_ecumenical_altar, minmay_divided_ellipse
D:3:      layout_rooms, nicolae_dithmenos_the_darkroom, okawaru_gym_becter,
          uniq_sigmund, uniq_natasha
D:4:      layout_cave_pools, mainiacjoe_overflow_catch_the_wave,
          minmay_temple_entry_sparse_star, gup_sewer_entry_bowl, uniq_robin
D:5:      layout_loops_corners, nicolae_wu_jian_wuxing_cycle
D:6:      layout_basic, marbit_many_paths, minmay_overflow_temple_star_hex
Temple:   hellmonk_temple_divided_pantheon

Skill      XL: |  1  2  3  4  5  6  7  8 |
---------------+-------------------------+-----
Armour         | 4 5 6 |  6.7
Fighting       | 4 5 6 |  6.1
Axes           | 3 4 5 6 7 8 |  8.1
Shields        | 4 5 |  5.1
Dodging        | 1 2 |  2.7
Stealth        | 1 |  1.1

Action                     |  1- 3 |  4- 6 |  7- 9 || total
---------------------------+-------+-------+-------++-------
  Melee: War axe           |    81 |   128 |   114 ||   323
         Headbutt          |     8 |    12 |    13 ||    33
 Invoke: Renounce Religion |     1 |       |       ||     1
 Armour: Scale mail        |    36 |    64 |    58 ||   158
  Dodge: Dodged            |    48 |    45 |    74 ||   167
  Block: Buckler           |    20 |    26 |    32 ||    78

Table legend: (Time is in decaauts)
 A = Elapsed time spent in this place.
 B = Non-inter-level travel time spent in this place.
 C = Inter-level travel time spent in this place.
 D = Time resting spent in this place.
 E = Time spent auto-exploring this place.
 F = Levels seen in this place.
 G = Mean time per level.
                   A        B        C        D        E       F      G
               +--------+--------+--------+--------+--------+-----+--------+
         Total |   4650 |   4104 |    546 |      0 |   3295 |   7 |  664.3 |
       Dungeon |   4624 |   4089 |    535 |      0 |   3295 |   6 |  770.7 |
        Temple |     25 |     14 |     11 |      0 |      0 |   1 |   25.0 |
               +--------+--------+--------+--------+--------+-----+--------+

Top non-repeatable levels by time:
     D:4: 1134 daAuts
     D:2: 935 daAuts
     D:5: 908 daAuts
     D:3: 709 daAuts
     D:1: 587 daAuts
     D:6: 349 daAuts
  Temple: 25 daAuts
